 Dungeon Crawl Stone Soup version 0.32-a0-128-g77eb882913 (webtiles) character file.

Game seed: 2316781721939693818

103 Nattfarinn the Changeling (level 4, -1/38 HPs)
             Began as a Naga Shapeshifter on Feb 8, 2024.
             Slain by an orc
             ... wielding a +0 falchion
              (6 damage)
             ... on level 3 of the Dungeon.
             The game lasted 00:02:21 (1496 turns).

Nattfarinn the Changeling (Naga Shapeshifter)       Turns: 1496, Time: 00:02:21

Health: -1/38      AC:  2    Str: 16    XL:     4   Next: 79%
Magic:  4/4        EV:  9    Int: 12    God:
Gold:   110        SH:  0    Dex: 11    Spells: 3/3 levels left

rFire   . .          .
                       - Unarmed
rCold   . . .        (no shield)
rNeg    . . .        a - +0 animal skin
rPois   +            (helmet currently unavailable)
rElec   .            (cloak currently unavailable)
rCorr   .            (gloves currently unavailable)
SInv    +            (no barding)
Will    +....        (no amulet)
Stlth   +            l - ring of willpower
HPRegen 0.26/turn    i - ring of flight
MPRegen 0.09/turn

%: no passive effects
@: beast-form, flying, very slow
A: beast (slay +2), AC +1, large, see invisible, deformed body, poison
resistance, slowness 2, spit poison 1, naga tail 1
a: Spit Poison, Begin Untransformation


You were on level 3 of the Dungeon.
You were a hulking beast.
You visited 1 branch of the dungeon, and saw 3 of its levels.

You collected 110 gold pieces.

Inventory:

Armour
 a - a +0 animal skin (worn)
 o - a +0 helmet
Jewellery
 i - a ring of flight (right hand)
 k - a ring of fire
 l - a ring of willpower (left hand)
Talismans
 c - a beast talisman
 d - a flux talisman
Scrolls
 g - a scroll of poison {unknown}
 j - a scroll of identify {unknown}
 m - a scroll of noise {unknown}
 n - a scroll of revelation {unknown}
Potions
 b - 3 potions of lignification
 e - 3 potions of enlightenment {unknown}
 f - a potion of invisibility {unknown}
 h - a potion of resistance {unknown}
 p - a potion of brilliance {unknown}


   Skills:
 - Level 1.0 Fighting
 - Level 1.5 Dodging
 - Level 3.0 Unarmed Combat
 + Level 5.0 Shapeshifting


You had 3 spell levels left.
You didn't know any spells.
Your spell library contained the following spells:

 Spells                   Type           Power      Damage    Failure   Level
 Sublimation of Blood     Necr           0%         N/A       45%         2
 Inner Flame              Hex/Fire       0%         N/A       69%         3
 Petrify                  Alch/Erth      0%         N/A       97%         4
 Irradiate                Conj/Alch      0%         3d11      100%        5
 Ignition                 Fire           0%         3d3       100%        8


Dungeon Overview and Level Annotations

Branches:
Dungeon (3/15)

Altars:

Shops:
D:2 (


Innate Abilities, Weirdness & Mutations

You are a hulking beast.
Your limbs bulge with bestial killing power. (Slay +2)
Your serpentine skin is tough. (AC +1)
You have supernaturally acute eyesight. (SInv)
Armour fits poorly on your strangely shaped body.
Your system is resistant to poisons. (rPois)
You cover ground very slowly.
You can spit poison.
You have a snake-like lower body.


Message History

You see here a +0 short sword.
Jessica the Apprentice Sorceress comes into view.
She is wielding a +0 club.
Jessica shouts!
Jessica points at you and mumbles some strange words.
You resist with some effort.
Jessica is nearby!
The splash of poison hits Jessica.
Jessica is poisoned.
Jessica is severely wounded.
You closely miss Jessica.
Jessica is severely wounded.
You have got your breath back.
You kill Jessica!
Your Shapeshifting skill increases to level 5!
No target in view!
A kobold comes into view. It is wielding a +0 club.
The splash of poison hits the kobold!
The kobold is poisoned.
You kill the kobold!
You have got your breath back.
An orc comes into view. It is wielding a +0 falchion.
The orc shouts!
A hobgoblin comes into view. It is wielding a +0 spear.
The hobgoblin shouts!
The splash of poison misses the hobgoblin.
The hobgoblin hits you from afar with a +0 spear.
The hobgoblin hits you from afar with a +0 spear!
The orc hits you with a +0 falchion.
You closely miss the orc. The orc hits you with a +0 falchion.
The hobgoblin hits you but does no damage.
You hit the orc.
The orc is heavily wounded.
The hobgoblin closely misses you. The orc hits you with a +0 falchion.
You are too injured to fight recklessly!
The hobgoblin hits you from afar with a +0 spear.
The orc hits you with a +0 falchion.
* * * LOW HITPOINT WARNING * * *
The hobgoblin hits you from afar with a +0 spear.
* * * LOW HITPOINT WARNING * * *
You have got your breath back.
The orc attacks as it pursues you! The orc hits you with a +0 falchion.
You die...

#. #. #. #.
#..#. ###..#.
.......
#.....## #g.#
##o### #h#.##
#..#.######.#
#.###....)..#
#..#.########
## ..#.##
#######.
..##.#
#....... ...
#.# #.#####.
#### #.## #.
#..# #.


You could see an orc and a hobgoblin.

Vanquished Creatures
  Jessica (D:3)
  Terence (D:2)
  A ribbon worm (D:2)
  2 dart slugs (D:1)
  3 ball pythons
  3 endoplasms (D:1)
  A giant cockroach (D:1)
  6 goblins
  2 hobgoblins (D:3)
  5 jackals
  3 kobolds
  A quokka (D:1)
  4 bats
  3 frilled lizards
  4 rats (D:1)
  A spectral goblin (D:1)
41 creatures vanquished.

Notes
Turn   | Place    | Note
-------+----------+-------------------------------------------
     0 | D:1      | Nattfarinn the Naga Shapeshifter began the quest for the
                  | Orb.
     0 | D:1      | Reached XP level 1. HP: 18/18 MP: 1/1
    63 | D:1      | Found a faded altar of an unknown god.
    87 | D:1      | Reached XP level 2. HP: 20/25 MP: 2/2
   375 | D:1      | Reached XP level 3. HP: 31/31 MP: 3/3
   467 | D:1      | Reached skill level 4 in Shapeshifting
   713 | D:2      | Found Arid's Antique Weapon Shop.
  1016 | D:2      | Noticed Terence
  1027 | D:2      | Killed Terence
  1028 | D:2      | Reached XP level 4. HP: 30/38 MP: 4/4
  1464 | D:3      | Noticed Jessica
  1467 | D:3      | Killed Jessica
  1468 | D:3      | Reached skill level 5 in Shapeshifting
  1496 | D:3      | Slain by an orc

Illustrated notes

Levels and vault maps discovered:
D:1:      scummos_arrival_gate, layout_basic,
          dreamdust_ecumenical_altar_drowned_temple, minmay_misc_feat_tower
D:2:      layout_basic, serial_shops, shop, uniq_terence
D:3:      layout_loops_ring, zin_statuary, uniq_ijyb, uniq_robin, uniq_jessica

Skill      XL: |  1  2  3  4 |
---------------+-------------+-----
Shapeshifting  | 4 5 |  5.0
Fighting       | |  1.0
Dodging        | |  1.5
Unarmed Combat | |  3.0

Action                     |  1- 3 |  4- 6 || total
---------------------------+-------+-------++-------
  Melee: Unarmed           |    63 |    16 ||    79
Ability: Spit Poison       |    23 |    11 ||    34
    Use: Potion            |     1 |       ||     1
 Armour: Animal skin       |    51 |    17 ||    68
         Skin              |     2 |       ||     2
  Dodge: Dodged            |    30 |     7 ||    37

Table legend: (Time is in decaauts)
 A = Elapsed time spent in this place.
 B = Non-inter-level travel time spent in this place.
 C = Inter-level travel time spent in this place.
 D = Time resting spent in this place.
 E = Time spent auto-exploring this place.
 F = Levels seen in this place.
 G = Mean time per level.
                   A        B        C        D        E       F      G
               +--------+--------+--------+--------+--------+-----+--------+
         Total |   1918 |   1888 |     30 |     82 |   1524 |   3 |  639.3 |
       Dungeon |   1918 |   1888 |     30 |     82 |   1524 |   3 |  639.3 |
               +--------+--------+--------+--------+--------+-----+--------+

Top non-repeatable levels by time:
     D:2: 892 daAuts
     D:1: 862 daAuts
     D:3: 163 daAuts
